 Dungeon Crawl Stone Soup version 0.25.1-1-g288607f5aa (webtiles) character file.

Game seed: 1610596059118548179

107523 Atelerd the Summoner (level 16, -7/103 HPs)
             Began as an Octopode Venom Mage on July 27, 2020.
             Was an Elder of Sif Muna.
             Killed from afar by a fire dragon (38 damage)
             ... with a blast of flame
             ... while paralysed by a vampire knight
             ... on level 2 of the Depths.
             The game lasted 01:41:35 (38813 turns).

Atelerd the Summoner (Octopode Venom Mage)         Turns: 38813, Time: 01:41:35

Health: -7/103     AC:  6    Str:  9    XL:     16   Next: 47%
Magic:  28/40      EV:  2    Int: 23    God:    Sif Muna [****..]
Gold:   1681       SH:  0    Dex: 16    Spells: 0/38 levels left

rFire    . . .     SeeInvis +   A - +8 dagger of Jugg {pain, Dex+4}
rCold    + . .     Gourm    .   (no shield)
rNeg     . . .     Faith    .   H - +1 hat
rPois    .         Spirit   .   y - amulet of reflection
rElec    .         Reflect  +   e - ring of see invisible
rCorr    .         Harm     .   c - +4 ring of protection
MR       ++...                  J - ring of magical power
Stlth    +++++++...             I - ring of protection from cold
HPRegen  0.27/turn              N - +4 ring of evasion
MPRegen  0.27/turn              W - ring of stealth
                                k - ring of protection from magic
                                (no ring)

@: paralysed, hasted
A: almost no armour, stealthy swim, amphibious, 8 rings, constrict 8, camouflage
1, gelatinous body 1
a: Channel Magic, Forget Spell, Divine Exegesis, Renounce Religion


You were on level 2 of the Depths.
You worshipped Sif Muna.
Sif Muna was greatly pleased with you.
You were very hungry.

You visited 7 branches of the dungeon, and saw 28 of its levels.

You collected 2551 gold pieces.
You spent 870 gold pieces at shops.

Inventory:

Hand Weapons
 A - the +8 dagger of Jugg (weapon) {pain, Dex+4}
   (You found it on level 6 of the Dungeon)

   In the hands of one skilled in necromantic magic, it inflicts extra damage on
   living creatures.
   It affects your dexterity (+4).
 O - a +3 long sword
Armour
 H - a +1 hat (worn)
Jewellery
 c - a +4 ring of protection (right tentacle)
 e - a ring of see invisible (left tentacle)
 k - a ring of protection from magic (on tentacle)
 y - an amulet of reflection (around mantle)
 I - a ring of protection from cold (on tentacle)
 J - a ring of magical power (on tentacle)
 N - a +4 ring of evasion (on tentacle)
 P - an uncursed ring of ice
 W - a ring of stealth (on tentacle)
Wands
 d - a wand of disintegration (11)
 t - a wand of paralysis (1)
 C - a wand of iceblast (9)
 K - a wand of polymorph (7)
 M - a wand of digging (6)
 Q - a wand of enslavement (7)
 R - a wand of acid (8)
 U - a wand of flame (36)
 Z - a wand of clouds (5)
Scrolls
 f - 4 scrolls of silence
 j - 9 scrolls of teleportation
 n - a scroll of fear
 q - 19 scrolls of remove curse
 r - 4 scrolls of enchant weapon
 s - 3 scrolls of magic mapping
 v - 4 scrolls of fog
 w - 6 scrolls of amnesia
 D - 2 scrolls of immolation {unknown}
 E - 2 scrolls of vulnerability
 S - 3 scrolls of enchant armour {unknown}
 V - a scroll of summoning {unknown}
 Y - a scroll of torment {unknown}
Potions
 a - a potion of berserk rage
 g - 2 potions of heal wounds
 h - 2 potions of might
 i - 11 potions of curing
 l - 4 potions of stabbing
 m - 2 potions of haste
 o - 3 potions of cancellation
 p - 3 potions of magic
 u - 4 potions of flight
 z - 5 potions of lignification
 F - 2 potions of brilliance
 G - 5 potions of mutation
 T - a potion of invisibility
 X - a potion of resistance
Comestibles
 b - 23 rations
 x - 6 chunks of flesh


   Skills:
 - Level 7.0 Fighting
 - Level 4.0 Short Blades
 - Level 4.0 Dodging
 - Level 10.2 Stealth
 - Level 11.5 Spellcasting
 * Level 8.9 Conjurations
 - Level 13.4 Summonings
 + Level 3.1 Necromancy
 - Level 5.0 Transmutations
 * Level 7.2 Fire Magic
 - Level 4.0 Ice Magic
 - Level 10.0 Air Magic
 - Level 4.0 Earth Magic
 - Level 6.6 Poison Magic
 - Level 10.0 Invocations
 - Level 3.0 Evocations


You couldn't memorise any spells.
You knew the following spells:

 Your Spells              Type           Power        Failure   Level  Hunger
a - Sting                 Tmut/Pois      ####         1%          1    None
b - Mephitic Cloud        Conj/Pois/Air  ######..     1%          3    None
c - Agony                 Necr           ####....     36%         5    ####...
d - Ignite Poison         Fire/Tmut/Pois #####...     1%          3    None
e - Olgreb's Toxic Radia  Pois           #####...     3%          4    None
f - Summon Lightning Spi  Summ/Air       ######..     1%          4    None
g - Summon Ice Beast      Ice/Summ       ######..     1%          4    None
h - Summon Butterflies    Summ           ######..     1%          1    None
i - Bolt of Magma         Conj/Fire/Erth #####.....   9%          5    ####...
j - Animate Dead          Necr           N/A          14%         4    None
k - Dispel Undead         Necr           ####....     14%         4    None

Your spell library contained the following spells:

 Spells                   Type           Power        Failure   Level  Hunger
 Animate Skeleton         Necr           N/A          1%          1    None
 Beastly Appendage        Tmut           #####.       1%          1    None
 Summon Small Mammal      Summ           ####         1%          1    None
 Call Imp                 Summ           ######..     1%          2    None
 Corpse Rot               Necr/Air       N/A          1%          2    None
 Poisonous Vapours        Pois/Air       ######       1%          2    None
 Sticks to Snakes         Tmut           #####...     1%          2    None
 Sublimation of Blood     Necr           ####......   1%          2    None
 Call Canine Familiar     Summ           ######..     1%          3    None
 Recall                   Summ/Tloc      N/A          1%          3    None
 Spider Form              Tmut/Pois      #####.....   1%          3    None
 Summon Guardian Golem    Hex/Summ       #####...     1%          3    None
 Lightning Bolt           Conj/Air       ######....   2%          5    ####...
 Ensorcelled Hibernation  Hex/Ice        ###...       3%          2    None
 Apportation              Tloc           ##....       4%          1    None
 Corona                   Hex            ##.....      4%          1    None
 Ice Form                 Ice/Tmut       ####....     8%          4    None
 Summon Mana Viper        Hex/Summ       #####...     9%          5    ####...
 Alistair's Intoxication  Tmut/Pois      #####...     12%         5    ####...
 Lesser Beckoning         Tloc           ##........   14%         3    None
 Tukima's Dance           Hex            ##......     14%         3    None
 Blade Hands              Tmut           #####.....   17%         5    ####...
 Silence                  Hex/Air        #####.....   17%         5    ####...
 Leda's Liquefaction      Hex/Erth       ###.......   22%         4    None
 Borgnjor's Vile Clutch   Necr/Erth      ####......   30%         5    ####...
 Excruciating Wounds      Chrm/Necr      ###.......   56%         5    ####...
 Simulacrum               Ice/Necr       ####......   86%         6    #####..
 Death Channel            Necr           ####......   91%         6    #####..
 Malign Gateway           Summ/Tloc      #####.....   95%         7    #######
 Invisibility             Hex            ##......     100%        6    #####..
 Dragon's Call            Summ           ######....   100%        9    #######


Dungeon Overview and Level Annotations

Branches:
Dungeon (15/15)            Temple (1/1) D:6            Lair (6/6) D:8
 Shoals (1/4) Lair:2        Snake (0/4) Lair:2        Slime (0/5) Lair:6
    Orc (2/2) D:9             Elf (1/3) Orc:2        Vaults (0/5) D:13
 Depths (1/5) D:15

Altars:
Ashenzari
Cheibriados
Dithmenos
Elyvilon
Fedhas
Gozag
Hepliaklqana
Kikubaaqudgha
Makhleb
Nemelex Xobeh
Okawaru
Qazlal
Ru
Sif Muna
Trog
Uskayaw
Vehumet
Wu Jian
Xom
Yredelemnul
Zin
The Shining One
Jiyva

Shops:
D:4 !   Orc:2 *}?%((

Portals:
Hell: Depths:2

Annotations:
D:5 exclusion: downstairs
D:6 1 runed translucent door
D:11 1 exclusion
D:12 exclusion: 2 downstairs
D:13 nano's ghost, journeyman DsMo
D:14 exclusion: 2 downstairs, Roxanne
D:15 2 runed translucent doors, Enoiph's ghost, adept KoGl
Depths:2 4 runed translucent doors


Innate Abilities, Weirdness & Mutations

You cannot wear most types of armour.
You are very stealthy in the water. (Stealth+)
You are amphibious.
You can wear up to eight rings at the same time.
You can use your tentacles to constrict eight enemies at once.
Your skin changes colour to match your surroundings (Stealth+).
Your rubbery body absorbs attacks. (AC +1, EV +1)


Message History

The vampire knight gestures wildly while chanting.
The vampire knight seems to speed up.
Your lightning spire shoots out a bolt of lightning at the fire dragon!
The bolt of electricity hits the fire dragon!
You feel yourself speed up.
The vampire knight points at you and mumbles some strange words.
You suddenly lose the ability to move!
Your lightning spire shoots out a bolt of lightning at the fire dragon!
The bolt of electricity hits the fire dragon!
The fire dragon bites you! The fire dragon claws you!
The fire dragon tramples you!
You are shoved backwards!
The eye of draining gazes at you.
You feel your power leaking away.
The vampire knight hits you from afar with a +0 halberd!
The fire dragon bites you! The fire dragon claws you!
The fire dragon tramples you but does no damage.
The vampire knight hits you from afar with a +0 halberd!!
The fire dragon breathes flames at you. The blast of flame hits you!!!
You die...

#........#
#.#####.#.#
########.#
#.......#.....
#)#
##############
#.# ...# ∩..
#.# # ###.#.
### #.# ###.#
.#.# #.##....#
.#... #.8..#
## #.#
#####§D@## .#
.#...bV...#
....G§bb..##
..§§§§§b.b#
##.§§§§§...#
.(§§§§§§b....
....§≈§≈....#.
....§c.....##
.. c..........
.


You could see a fire dragon (catching breath), a vampire knight (fast), an eye
of draining shaped shifter and a friendly lightning spire (summoned).

Vanquished Creatures
  Agnes (D:14)
  An orc warlord (Orc:1)
  A stone giant (Orc:1)
  An ettin (Depths:2)
  Snorg (D:13)
  4 vault guards (D:13)
  Fannar (Lair:2)
  2 ice dragons
  A hydra (Lair:3)
  5 centaur warriors
  29 two-headed ogres
  5 death yaks
  5 ogre magi
  Urug (D:13)
  A deep elf knight (Elf:1)
  5 unseen horrors
  A wizard (D:11)
  2 lindwurms (Lair:6)
  2 orc knights (Orc:1)
  14 ugly things
  2 orc sorcerers
  A cyclops (shapeshifter) (D:13)
  2 cyclopes
  2 deep elf magi
  A manticore (D:13)
  A merfolk siren (Lair:2)
  3 black mambas
  10 elephants
  Maurice (D:10)
  9 spiny frogs
  6 torpor snails (Lair:6)
  4 centaur skeletons
  Maggie (D:7)
  7 yaktaurs
  2 rime drakes
  A gargoyle (D:10)
  8 komodo dragons
  A kobold demonologist (D:14)
  A freezing wraith (D:15)
  A queen bee (shapeshifter) (D:13)
  A merfolk (Lair:2)
  A polar bear (Lair:2)
  7 trolls
  A polar bear (shapeshifter) (D:15)
  3 tyrant leeches (Lair:6)
  8 hornets
  A harpy skeleton (D:15)
  6 hippogriffs
  7 slime creatures
  8 blink frogs
  Sigmund (D:5)
  A shadow (D:13)
  A centaur simulacrum (D:15)
  2 wyverns
  68 yaks
  2 hungry ghosts
  2 basilisks
  A fire elemental (D:12)
  Menkaure (D:5)
  2 vampire mosquitoes (D:14)
  A naga (Lair:2)
  5 water moccasins
  3 porcupines
  Edmund (D:4)
  A sky beast (D:10)
  An ice beast (D:9)
  A black bear (D:10)
  An eye of draining (D:11)
  12 orc warriors
  2 phantoms
  36 ogres
  A wolf (Lair:1)
  8 centaurs
  20 crocodiles
  3 big kobolds
  5 gnoll sergeants
  12 bullfrogs
  7 scorpions
  12 wights
  2 electric eels (D:12)
  7 howler monkeys
  7 crimson imps
  A quasit (D:8)
  A bullfrog zombie (D:5)
  8 orc priests
  7 hounds
  2 jellies
  2 bullfrog skeletons
  12 orc wizards
  11 worker ants
  2 nameless horrors
  A hound skeleton (D:8)
  A hound zombie (D:5)
  A worker ant zombie (D:5)
  14 gnolls
  10 adders
  3 shadow imps
  2 oozes
  2 adder skeletons
  4 worms
  3 dart slugs
  8 leopard geckos
  54 orcs
  4 ball pythons
  7 bats
  3 giant cockroaches
  7 goblins
  7 hobgoblins
  16 jackals
  3 quokkas
  7 frilled lizards
  2 jackal zombies
  18 kobolds
  9 rats
  2 fungi (Lair:2)
  4 plants
657 creatures vanquished.

Vanquished Creatures (collateral kills)
  A very ugly thing (D:15)
  A stone giant (Depths:1)
  Azrael (D:13)
  A yaktaur captain (D:15)
  3 hydras
  An ugly thing (D:15)
  A guardian serpent (shapeshifter) (D:13)
  A centaur zombie (D:12)
  A black mamba (Lair:5)
  2 spiny frogs
  An efreet (D:15)
  A freezing wraith (D:15)
  A wolf spider simulacrum (D:15)
  20 slime creatures
  3 water elementals (D:12)
  A wraith (D:14)
  A fire elemental (D:13)
  2 yaks (D:12)
  2 hungry ghosts
  A vampire mosquito (D:14)
  A warg (Orc:2)
  A naga (Lair:2)
  An acid dragon (D:14)
  2 hell hounds (D:13)
  5 water moccasins
  An orc warrior (Orc:1)
  An eye of draining (D:14)
  A wolf (Lair:1)
  A crocodile (Lair:6)
  A bullfrog (D:15)
  A wyvern zombie (D:14)
  2 crimson imps (D:13)
  4 orcs (Orc:1)
68 creatures vanquished.

Vanquished Creatures (others)
  An ogre mage (Depths:1)
  2 fungi
  15 plants
18 creatures vanquished.

Grand Total: 743 creatures vanquished

Notes
Turn   | Place    | Note
-------+----------+-------------------------------------------
     0 | D:1      | Atelerd the Octopode Venom Mage began the quest for the
                  | Orb.
     0 | D:1      | Reached XP level 1. HP: 11/11 MP: 3/3
   293 | D:1      | Reached XP level 2. HP: 5/17 MP: 0/5
  1344 | D:1      | Reached XP level 3. HP: 21/21 MP: 6/6
  1349 | D:1      | Learned a level 3 spell: Mephitic Cloud
  1352 | D:1      | Learned a level 2 spell: Poisonous Vapours
  2013 | D:2      | Found an ancient bone altar of Kikubaaqudgha.
  2338 | D:2      | Reached XP level 4. HP: 18/27 MP: 2/7
  2898 | D:2      | Found a hazy altar of Hepliaklqana.
  3232 | D:3      | Found a shadowy altar of Dithmenos.
  3748 | D:3      | Reached XP level 5. HP: 26/31 MP: 9/9
  3837 | D:4      | Found Houzxokh's Distillery.
  3846 | D:4      | Bought a potion of heal wounds for 55 gold pieces
  3846 | D:4      | Bought a potion of haste for 110 gold pieces
  3846 | D:4      | Bought a potion of degeneration for 11 gold pieces
  3846 | D:4      | Bought a potion of curing for 33 gold pieces
  4460 | D:4      | Noticed Edmund
  4506 | D:4      | Killed Edmund
  4506 | D:4      | Reached skill level 5 in Stealth
  4506 | D:4      | Reached skill level 5 in Poison Magic
  4506 | D:4      | Reached XP level 6. HP: 33/36 MP: 1/11
  4743 | D:4      | Found a stormy altar of Qazlal.
  4778 | D:5      | Entered Level 5 of the Dungeon
  4890 | D:5      | Noticed Menkaure
  4896 | D:5      | Killed Menkaure
  4896 | D:5      | Reached XP level 7. HP: 21/41 MP: 12/12
  5147 | D:5      | Noticed Sigmund
  5162 | D:5      | Killed Sigmund
  5804 | D:5      | Learned a level 3 spell: Ignite Poison
  5808 | D:5      | Reached XP level 8. HP: 45/46 MP: 14/14
  7020 | D:5      | Learned a level 4 spell: Olgreb's Toxic Radiance
  7189 | D:6      | Found a staircase to the Ecumenical Temple.
  7198 | Temple   | Entered the Ecumenical Temple
  7904 | D:6      | Found a glowing silver altar of Zin.
  7905 | D:6      | Found a runed translucent door.
  7905 | D:6      | Noticed an angel
  7986 | D:6      | Got a smoking dagger
  7987 | D:6      | Identified the +8 dagger of Jugg {pain, Dex+4} (You found
                  | it on level 6 of the Dungeon)
  8090 | D:6      | Reached skill level 1 in Fighting
  8090 | D:6      | Reached skill level 5 in Spellcasting
  8520 | D:6      | Reached skill level 5 in Transmutations
  8574 | D:7      | Reached XP level 9. HP: 54/54 MP: 2/17
  8892 | D:7      | Found an opulent altar of Gozag.
  9314 | D:7      | Noticed Maggie
  9321 | D:7      | Killed Maggie
  9779 | D:8      | Noticed a two-headed ogre
  9906 | D:8      | Killed a two-headed ogre
  9906 | D:8      | Reached XP level 10. HP: 63/63 MP: 6/22
 10013 | D:8      | Reached skill level 10 in Stealth
 10566 | D:8      | Found a staircase to the Lair.
 10875 | D:9      | Reached skill level 1 in Short Blades
 10878 | D:9      | Reached skill level 1 in Conjurations
 11699 | D:9      | Found a burning altar of Makhleb.
 11714 | D:9      | Reached XP level 11. HP: 69/69 MP: 24/24
 11798 | D:9      | Reached skill level 10 in Spellcasting
 12155 | D:9      | Found a radiant altar of Vehumet.
 12155 | D:9      | Found a shimmering blue altar of Sif Muna.
 12216 | D:9      | Became a worshipper of Sif Muna the Loreminder
 12357 | D:9      | Found a staircase to the Orcish Mines.
 12366 | D:9      | Reached skill level 1 in Invocations
 12435 | Orc:1    | Entered Level 1 of the Orcish Mines
 12444 | Orc:1    | Noticed a stone giant
 12676 | D:10     | Entered Level 10 of the Dungeon
 12884 | D:10     | Reached skill level 1 in Evocations
 13133 | D:10     | Noticed Maurice
 13142 | D:10     | Killed Maurice
 13156 | D:10     | Reached * piety under Sif Muna
 14046 | D:11     | Noticed an unseen horror
 14049 | D:11     | Killed an unseen horror
 14049 | D:11     | Reached skill level 5 in Invocations
 14060 | D:11     | Learned a level 4 spell: Summon Lightning Spire
 14103 | D:11     | Reached skill level 1 in Summonings
 14251 | D:11     | Reached skill level 2 in Summonings
 14579 | D:11     | Noticed a purple ugly thing
 14585 | D:11     | Killed a purple ugly thing
 14965 | D:11     | Noticed a green ugly thing
 14965 | D:11     | Noticed a purple ugly thing
 14967 | D:11     | Noticed a cyan ugly thing
 14976 | D:11     | Killed a purple ugly thing
 14976 | D:11     | Reached skill level 3 in Summonings
 14978 | D:11     | Killed a cyan ugly thing
 15362 | D:11     | Noticed a white ugly thing
 15363 | D:11     | Noticed a purple ugly thing
 15363 | D:11     | Noticed a white ugly thing
 15378 | D:11     | Killed a white ugly thing
 15378 | D:11     | Reached skill level 4 in Summonings
 15381 | D:11     | Killed a white ugly thing
 15384 | D:11     | Killed a green ugly thing
 15384 | D:11     | Reached XP level 12. HP: 74/74 MP: 26/26
 15488 | D:11     | Reached skill level 5 in Summonings
 15578 | D:11     | Noticed a red very ugly thing
 15828 | Lair:1   | Entered Level 1 of the Lair of Beasts
 15967 | Lair:1   | Reached skill level 6 in Summonings
 16287 | Lair:1   | Reached skill level 1 in Fire Magic
 16287 | Lair:1   | Reached skill level 1 in Air Magic
 16991 | Lair:1   | Reached ** piety under Sif Muna
 17420 | Lair:1   | You fall into a shaft and drop 1 floor!
 17473 | Lair:2   | Noticed Fannar
 17484 | Lair:2   | Killed Fannar
 17625 | Lair:2   | Reached skill level 5 in Conjurations
 17766 | Lair:2   | Reached skill level 5 in Fighting
 17871 | Lair:2   | Learned a level 4 spell: Summon Ice Beast
 17958 | Lair:2   | Found a staircase to the Snake Pit.
 18266 | Lair:2   | Found a staircase to the Shoals.
 18994 | Lair:3   | Noticed a five-headed hydra
 19141 | Lair:3   | Killed a five-headed hydra
 20002 | Lair:4   | Reached XP level 13. HP: 83/83 MP: 27/27
 20449 | Lair:4   | Reached skill level 7 in Summonings
 20573 | Lair:4   | Reached skill level 5 in Air Magic
 21029 | Lair:4   | Reached skill level 8 in Summonings
 21299 | Lair:5   | Reached *** piety under Sif Muna
 21424 | Lair:5   | Reached skill level 9 in Summonings
 22593 | Lair:6   | Entered Level 6 of the Lair of Beasts
 22857 | Lair:6   | Reached skill level 10 in Summonings
 23241 | Lair:6   | Reached **** piety under Sif Muna
 23338 | Lair:6   | Learned a level 1 spell: Summon Butterflies
 23489 | Lair:6   | Found a staircase to the Slime Pits.
 23489 | Lair:6   | Found a viscous altar of Jiyva.
 24162 | Lair:6   | Found a runed translucent door.
 24162 | Lair:6   | Noticed an ice dragon
 24171 | Lair:6   | Reached XP level 14. HP: 51/90 MP: 27/28
 24324 | Lair:6   | Paralysed by a hornet for 2 turns
 24738 | Lair:6   | Reached skill level 11 in Summonings
 26018 | Orc:1    | Found a burning altar of Makhleb.
 26043 | Orc:1    | Killed a stone giant
 26347 | Orc:1    | Paralysed by an orc sorcerer for 7 turns
 26665 | Orc:1    | Noticed an orc warlord
 26707 | Orc:1    | Killed an orc warlord
 26998 | Orc:2    | Entered Level 2 of the Orcish Mines
 27016 | Orc:2    | Found Rauhoar's Weapon Shoppe.
 27027 | Orc:2    | Found Iwaj Qub's Weapon Shoppe.
 27028 | Orc:2    | Reached skill level 12 in Summonings
 27261 | Orc:2    | Reached ***** piety under Sif Muna
 27261 | Orc:2    | Identified Sif Muna's Papyrus of Supportive Hexes (Sif Muna
                  | gifted it to you on level 2 of the Orcish Mines)
 27261 | Orc:2    | Received a gift from Sif Muna
 27263 | Orc:2    | Reached skill level 13 in Summonings
 27272 | Orc:2    | Reached XP level 15. HP: 94/94 MP: 3/30
 27275 | Orc:2    | Found Kekumpia's Magic Scroll Emporium.
 27275 | Orc:2    | Found Kyci's Food Shop.
 27277 | Orc:2    | Found Fecocu's Assorted Antiques.
 27277 | Orc:2    | Found Gibb's Gadget Emporium.
 27290 | Orc:2    | Bought a scroll of identify for 28 gold pieces
 27291 | Orc:2    | Bought 2 dark potions for 57 gold pieces
 27291 | Orc:2    | Bought a scroll labeled UNORCH VIAR for 32 gold pieces
 27294 | Orc:2    | Bought a scroll of identify for 64 gold pieces
 27453 | Orc:2    | Reached skill level 1 in Ice Magic
 27544 | Orc:2    | Found a staircase to the Elven Halls.
 28606 | D:12     | Reached skill level 10 in Air Magic
 29548 | D:13     | Noticed Urug
 29548 | D:13     | Noticed Snorg
 29557 | D:13     | Killed Snorg
 29561 | D:13     | Killed Urug
 29672 | D:13     | Noticed Azrael
 30590 | D:13     | Killed Azrael
 31001 | D:13     | Found a gate to the Vaults.
 31425 | D:12     | Reached skill level 10 in Invocations
 31436 | D:12     | Identified the Papyrus of Battle Magic and the Birds
 31449 | D:12     | Learned a level 5 spell: Bolt of Magma
 31470 | D:12     | Learned a level 4 spell: Animate Dead
 32558 | D:14     | Identified Roxanne's Papyrus of the Mountains
 32558 | D:14     | Noticed Roxanne
 32770 | D:14     | Found a large runed translucent door.
 32771 | D:14     | Found a large runed translucent door.
 32773 | D:14     | Noticed nano's ghost (journeyman DsMo)
 33192 | Elf:1    | Entered Level 1 of the Elven Halls
 33201 | Elf:1    | Reached skill level 1 in Necromancy
 33478 | Shoals:1 | Entered Level 1 of the Shoals
 33481 | Shoals:1 | HP: 1/97 [merfolk javelineer/silver javelin (6)]
 34009 | D:15     | Entered Level 15 of the Dungeon
 34014 | D:15     | Reached skill level 1 in Earth Magic
 34182 | D:15     | Found a large runed translucent door.
 34439 | D:15     | Reached skill level 5 in Fire Magic
 34443 | D:15     | Reached XP level 16. HP: 99/103 MP: 9/31
 36073 | D:15     | Found a staircase to the Depths.
 36478 | D:15     | Found a large runed translucent door.
 36479 | D:15     | Noticed Enoiph's ghost (adept KoGl)
 37097 | Orc:2    | Bought a papyrus book for 480 gold pieces
 37102 | Orc:2    | Learned a level 4 spell: Dispel Undead
 37344 | D:14     | Found a sacrificial altar of Ru.
 37376 | D:14     | Noticed Agnes
 37382 | D:14     | Killed Agnes
 38105 | Depths:1 | Entered Level 1 of the Depths
 38286 | Depths:1 | You fall into a shaft and drop 1 floor!
 38286 | Depths:2 | Found a runed translucent gate.
 38286 | Depths:2 | Found a runed translucent gate.
 38286 | Depths:2 | Found a runed translucent gate.
 38287 | Depths:2 | Noticed an Ice Fiend
 38288 | Depths:2 | Found a runed translucent gate.
 38612 | Depths:2 | Learned a level 5 spell: Agony
 38697 | Depths:2 | Found a gateway to Hell.
 38810 | Depths:2 | Paralysed by a vampire knight for 4 turns
 38813 | Depths:2 | Killed from afar by a fire dragon

Illustrated notes

Levels and vault maps discovered:
D:1:      minmay_arrival_wavy_path, layout_basic, lexackson_kobold_supper
D:2:      layout_basic, overflow_temple_1_default, kiku_gazebo_garden_becter,
          kennysheep_pointless_box
D:3:      layout_basic, grunt_dithmenos_smoke, first_ration
D:4:      layout_rooms, marbit_many_paths, serial_shops,
          nicolae_shop_waterfront, serial_bayou_pond_a, minmay_misc_feat_tower,
          uniq_edmund
D:5:      minmay_thinvault, layout_loops_ring, uniq_menkaure, uniq_sigmund
D:6:      layout_basic, minmay_temple_entry_junction, lemuel_angel_altar
D:7:      layout_cave_pools, overflow_temple_1_default, uniq_maggie
D:8:      layout_basic, david_lair_shrubbed
D:9:      layout_irregular_city, gammafunk_temple_overflow_elements,
          kennysheep_orc_monster_closet_entryway, basic_altar
D:10:     layout_irregular_city, uniq_maurice
D:11:     cheibrodos_breeding_chamber, layout_basic
D:12:     layout_basic, serial_glass, glass_columns_a, glass_columns_b,
          due_unseen_surprise, item_on_display_a
D:13:     layout_rooms, lightli_vaults_fourway_checkpoint, uniq_urug,
          uniq_azrael, uniq_snorg
D:14:     layout_gridville, nicolae_ru_path_of_blood,
          ebering_ghost_disaster_area, grunt_ogre_cave, uniq_agnes, uniq_roxanne
D:15:     grunt_enter_depths_snipers, layout_cave_pools, minmay_strange_pillars,
          ebering_ghost_disaster_area, serial_park_tiny_2
Temple:   regret_index_temple_generic_petals
Lair:1:   layout_regular_city, beast_lair_carwin_10
Lair:2:   layout_regular_city, elwin_shoals_entry_rooms,
          guppyfry_snake_entry_island, uniq_fannar
Lair:3:   layout_regular_city
Lair:4:   layout_roguey, grunt_megastairs_2, serial_bayou_shore_a
Lair:5:   layout_regular_city
Lair:6:   wormcave, layout_gridlike, slime_altar_1, serial_bayou_shore_b
Shoals:1: layout_shoals
Orc:1:    cheibrodos_orc_arena, layout_diamond_mine, serial_shops,
          nicolae_shop_behind_doors, basic_altar, uniq_erolcha
Orc:2:    st_orc_ogre_mass, layout_caves, serial_shops, shop,
          nicolae_shop_crystal
Elf:1:    eino_elf_arrival_shootout, layout_gridlike, minmay_elf_annihilation
Depths:1: due_jory_tower, layout_gridlike, enter_ziggurat_e, special_room
          [special_room_mythical_zoo], hell_entry, water_maze_lemuel,
          minmay_shop_grove, serial_bayou_shore_b
Depths:2: minmay_the_grid_triangle_9x9_rhombus_full_mashed
          [minmay_the_grid_triangle_9x9_minimal,
          minmay_the_grid_triangle_9x9_zippers_horizontal,
          minmay_the_grid_triangle_9x9_descending_squares,
          minmay_the_grid_triangle_9x9_zippers_vertical,
          minmay_the_grid_triangle_9x9_checkered,
          minmay_the_grid_triangle_9x9_tough_junction,
          minmay_the_grid_triangle_9x9_from_above,
          minmay_the_grid_triangle_9x9_prize_insulated], layout_cave_pools,
          infiniplex_staircase_split_hallway, serial_co_window_serial,
          co_window_paths_a, co_window_paths_a, co_window_corner_a,
          co_window_corner_a, co_window_corner_a, co_window_of_opportunity_c,
          co_window_2corner, co_window_broadway_b, co_window_4corner_a,
          glass_columns_b, glass_columns_a, glass_columns_a, glass_columns_a,
          glass_columns_a, hell_entry, brannock_guarded_unrand_thermic_engine

Skill      XL: |  1  2  3  4  5  6  7  8  9 10 11 12 13 14 15 16 |
---------------+-------------------------------------------------+-----
Stealth        | 3 4 5 6 7 9 10 | 10.2
Poison Magic   | 4 5 6 |  6.6
Transmutations | 2 3 4 5 |  5.0
Spellcasting   | 3 4 5 8 9 10 11 | 11.5
Fighting       | 2 4 5 6 7 |  7.0
Dodging        | 3 4 |  4.0
Short Blades   | 4 |  4.0
Conjurations   | 3 4 5 6 7 8 |  8.9
Invocations    | 7 8 10 | 10.0
Evocations     | 3 |  3.0
Summonings     | 4 6 10 13 | 13.4
Fire Magic     | 3 5 7 |  7.2
Air Magic      | 3 7 9 10 | 10.0
Ice Magic      | 4 |  4.0
Necromancy     | 2 3 |  3.1
Earth Magic    | 2 4 |  4.0

Action                   |  1- 3 |  4- 6 |  7- 9 | 10-12 | 13-15 | 16-18 || total
-------------------------+-------+-------+-------+-------+-------+-------++-------
Melee: Short sword       |   111 |    88 |    51 |       |       |       ||   250
       Unarmed           |     4 |       |       |       |       |       ||     4
       Constrict         |    20 |    24 |    44 |    27 |    21 |     5 ||   141
       Tentacles         |    19 |    12 |    42 |    23 |    28 |    11 ||   135
       Dagger            |    20 |       |    82 |   146 |   157 |    41 ||   446
       Long sword        |       |       |    28 |       |       |       ||    28
 Cast: Sting             |    35 |    26 |    88 |    62 |    25 |       ||   236
       Poisonous Vapours |     2 |     4 |     1 |    16 |     3 |       ||    26
       Olgreb's Toxic Ra |       |       |     6 |   121 |   210 |    23 ||   360
       Mephitic Cloud    |       |       |    15 |    42 |    24 |    25 ||   106
       Ignite Poison     |       |       |     6 |    86 |   160 |    32 ||   284
       Summon Lightning  |       |       |       |    10 |    21 |    17 ||    48
       Summon Ice Beast  |       |       |       |     5 |   105 |    53 ||   163
       Summon Butterflie |       |       |       |       |     3 |     7 ||    10
       Bolt of Magma     |       |       |       |       |       |    11 ||    11
Invok: Channel Magic     |       |       |       |     1 |    12 |     5 ||    18
Evoke: Wand              |       |     2 |     2 |     6 |     7 |     2 ||    19
  Use: Scroll            |     5 |     5 |       |     3 |    15 |     4 ||    32
       Potion            |       |       |     1 |     1 |     3 |     6 ||    11
 Stab: Sleeping          |     5 |    12 |    11 |    10 |     7 |       ||    45
       Paralysed         |       |     2 |     2 |       |       |       ||     4
       Confused          |       |       |     1 |     4 |       |       ||     5
       Distracted        |       |       |       |     2 |     1 |     2 ||     5
  Eat: Chunk             |     5 |     6 |    11 |    23 |    31 |     3 ||    79
       Ration            |       |     1 |     1 |     4 |     5 |     4 ||    15
Armor: Skin              |     7 |    27 |    39 |    16 |    18 |    15 ||   122
Dodge: Dodged            |    56 |    67 |   126 |    84 |   150 |    82 ||   565
Block: Other             |       |       |    27 |    23 |    39 |    23 ||   112
       Reflection        |       |       |       |     1 |     4 |     3 ||     8
       Rpst.: Long sword |       |       |     9 |       |       |       ||     9
